 Dungeon Crawl Stone Soup version 0.27.1-34-g3ba077fa99 (webtiles) character file.

Game seed: 2547620907276624670

4367 EWolf27 the Jinx (level 10, -7/44 HPs)
             Began as a Vampire Enchanter on Jan 10, 2022.
             Was an Elder of Hepliaklqana.
             Mangled by a skeletal warrior (20 damage)
             ... on level 8 of the Dungeon on Jan 12, 2022.
             The game lasted 00:55:11 (10188 turns).

EWolf27 the Jinx (Vampire Enchanter)               Turns: 10188, Time: 00:55:12

Health: -7/44      AC:  0    Str:  6 (8)  XL:     10   Next: 13%
Magic:  19/21      EV: 21    Int: 18 (20) God:    Hepliaklqana [****..]
Gold:   286        SH:  0    Dex: 18 (20) Spells: 14/23 levels left

rFire    . . .     SeeInvis +   (weapon currently unavailable)
rCold    + + .     Faith    .   (shield currently unavailable)
rNeg     + + +     Spirit   .   (armour currently unavailable)
rPois    ∞         Reflect  .   (helmet currently unavailable)
rElec    .         Harm     .   (cloak currently unavailable)
rCorr    .         Rampage  .   (gloves currently unavailable)
Will     +....                  (boots currently unavailable)
Stlth    +++++++...             k - amulet of the acrobat
HPRegen  0.00/turn              (ring currently unavailable)
MPRegen  0.17/turn              (ring currently unavailable)

@: bat-form, flying, bloodless, inhibited regen, very quick
A: fast, flying, no casting, bloodless, reduced essence, tiny, fangs 3, see
invisible, vampiric 2
a: Revivify, End Transformation, Renounce Religion, Recall Ancestor, Ancestor
Identity, Transference, Idealise


You were on level 8 of the Dungeon.
You worshipped Hepliaklqana.
Hepliaklqana was greatly pleased with you.
You were a vampire bat.
You visited 1 branch of the dungeon, and saw 8 of its levels.

You collected 398 gold pieces.
You spent 112 gold pieces at shops.

Inventory:

Hand Weapons
 a - a +1 dagger (melded)
Missiles
 j - 6 curare-tipped darts
 n - 5 throwing nets
 E - 35 poisoned darts (quivered)
 N - 7 atropa-tipped darts
Armour
 c - a +0 pair of gloves (melded)
 x - a +2 helmet (melded)
 y - a +2 leather armour of cold resistance (melded)
 K - a +0 kite shield
 L - a scarf of harm
 M - a +0 buckler
Magical Staves
 m - a staff of air
Jewellery
 k - an amulet of the acrobat (around neck)
 I - a ring of willpower (melded)
Wands
 i - a wand of paralysis (6)
 D - a wand of polymorph (6)
 G - a wand of iceblast (7)
 J - a wand of charming (8)
Scrolls
 b - a scroll of magic mapping {unknown}
 f - a scroll of teleportation
 h - a scroll of noise {unknown}
 o - a scroll of amnesia {unknown}
 p - 4 scrolls of identify {unknown}
 s - 3 scrolls of enchant armour {unknown}
 t - a scroll of summoning {unknown}
 w - a scroll of enchant weapon {unknown}
 z - a scroll of blinking {unknown}
 A - 2 scrolls of immolation {unknown}
 B - a scroll of fear {unknown}
 C - 2 scrolls of vulnerability {unknown}
 F - a scroll of silence {unknown}
Potions
 d - 3 potions of curing
 e - a potion of heal wounds
 g - 3 potions of attraction {unknown}
 l - 2 potions of cancellation {unknown}
 q - 2 potions of brilliance {unknown}
 r - 5 potions of haste
 u - a potion of ambrosia {unknown}
 v - a potion of flight {unknown}
 H - a potion of magic {unknown}


   Skills:
 + Level 0.0 Fighting
 - Level 1.1 Short Blades
 - Level 4.0 Dodging
 - Level 12.0 Stealth
 + Level 2.6 Shields
 + Level 7.3 Spellcasting
 + Level 12.1 Hexes
 - Level 4.0 Ice Magic


You had 14 spell levels left.
You knew the following spells:

 Your Spells              Type           Power      Damage    Failure   Level
a - Corona                Hex            55%        N/A       1%          1
b - Ensorcelled Hibernat  Hex/Ice        70%        N/A       1%          2
c - Confusing Touch       Hex            50%        N/A       1%          3
d - Tukima's Dance        Hex            50%        N/A       1%          3

Your spell library contained the following spells:

 Spells                   Type           Power      Damage    Failure   Level
 Dazzling Flash           Conj/Hex       56%        N/A       2%          3
 Gell's Gravitas          Tloc           3%         N/A       30%         3
 Lesser Beckoning         Tloc           3%         N/A       30%         3
 Teleport Other           Tloc           6%         N/A       30%         3


Dungeon Overview and Level Annotations

Branches:
Dungeon (8/15)             Temple (0/1) D:4
   Lair: D:8-11

Altars:
Elyvilon
Fedhas
Gozag
Hepliaklqana
Okawaru
Zin

Shops:
D:5 !

Annotations:
D:4 1 runed translucent door, Crazy Yiuf


Innate Abilities, Weirdness & Mutations

You are a vampire bat.
You are tiny and dextrous.
You move quickly.
You are flying.
You are immune to poison.
Your equipment is almost entirely melded.
You are incapable of wielding weapons or throwing items.
You cannot cast spells.
You do not regenerate when monsters are visible.
You are frail without blood (-20% HP).
You can heal yourself when you bite living creatures.
Your life essence is reduced to manifest your ancestor. (-10% HP)
You have razor-sharp teeth.
You have supernaturally acute eyesight. (SInv)
You are afflicted with vampirism and can become a bat while bloodless.


Message History

The skeletal warrior hits Eshargamelat with a +0 trident!
Eshargamelat hits the skeletal warrior with a +0 flail.
Eshargamelat hits the skeletal warrior with a +0 flail!
The skeletal warrior completely misses you.
Eshargamelat barely misses the skeletal warrior.
The skeletal warrior closely misses you.
You closely miss the skeletal warrior.
The skeletal warrior is moderately damaged.
Eshargamelat hits the skeletal warrior with a +0 flail.
The skeletal warrior hits you with a +0 trident!
You hit the skeletal warrior but do no damage.
The skeletal warrior is moderately damaged.
Eshargamelat hits the skeletal warrior with a +0 flail!
The skeletal warrior closely misses you.
You closely miss the skeletal warrior.
The skeletal warrior is heavily damaged.
Eshargamelat hits the skeletal warrior but does no damage.
You hit the skeletal warrior but do no damage.
The skeletal warrior is heavily damaged.
The skeletal warrior hits you with a +0 trident!
Eshargamelat hits the skeletal warrior with a +0 flail!
You hit the skeletal warrior but do no damage.
The skeletal warrior is severely damaged.
The skeletal warrior hits you with a +0 trident.
* * * LOW HITPOINT WARNING * * *
Eshargamelat misses the skeletal warrior.
The skeletal warrior hits you but does no damage.
Eshargamelat closely misses the skeletal warrior.
Your hands stop glowing.
Eshargamelat hits the skeletal warrior with a +0 flail.
You see here a +0 mace.
You turn into a vampire bat.
Your +1 dagger melds into your body.
Your +2 helmet melds into your body.
Your +0 pair of gloves melds into your body.
Your +2 leather armour of cold resistance melds into your body.
Your ring of willpower melds into your body.
You feel less resistant to cold.
You feel weakened.
You feel dopey.
You feel clumsy.
The skeletal warrior hits you from afar with a +0 trident!!
You die...

.###..# ...##.. ######.. .###
......## _..# ......# ##.# .#.#
.....# ###...## ...# #....##
##....... )#######
##$....####........
.......##..####...#..............
#...............b.zR.............
................###..>...........
...###........## #..)...........
............. ##...........(.
............ #.............
...........# ##.............
...........## ###........##..##
.....#####..#####...###.#####..#
#....# #..........## #..# ##.#


You could see the friendly Eshargamelat the knight and a skeletal warrior (ally
target).

Vanquished Creatures
  Pikel (D:8)
  Maggie (D:8)
  Prince Ribbit (D:5)
  A wyvern (D:7)
  2 water moccasins
  An ice beast (D:8)
  2 sky beasts (D:7)
  An ogre (D:4)
  A centaur (D:6)
  A phantom (D:6)
  3 bullfrogs
  3 killer bees
  2 hounds
  2 jellies
  2 orc priests
  A centaur skeleton (D:4)
  2 iguanas
  Natasha (twice) (D:3)
  2 orc wizards
  A killer bee zombie (D:7)
  Robin (D:2)
  8 gnolls
  4 adders
  An ufetubus (D:7)
  2 worms (D:3)
  A dart slug (D:2)
  12 orcs
  5 bats
  6 endoplasms
  2 giant cockroaches (D:2)
  6 goblins
  6 hobgoblins
  6 jackals
  3 quokkas
  7 ball pythons
  4 frilled lizards
  3 kobolds
  5 rats
114 creatures vanquished.

Vanquished Creatures (collateral kills)
  An ugly thing (D:8)
  Grinder (D:3)
  A hornet zombie (D:7)
  A centaur (D:8)
  A lemure (D:8)
  A water moccasin zombie (D:5)
  9 killer bees
  A centaur zombie (D:8)
  A bullfrog skeleton (D:6)
  A hound (D:6)
  3 orc priests
  An iguana (D:6)
  A gnoll shaman (D:8)
  Natasha (D:3)
  An orc wizard (D:3)
  A killer bee zombie (D:7)
  A hound skeleton (D:5)
  6 gnolls
  3 adders
  A white imp (D:6)
  2 ufetubi
  A dart slug (D:4)
  11 orcs
  An endoplasm (D:4)
  7 goblins
  2 hobgoblins
  2 jackals
  A kobold (D:4)
  2 quokkas
  A bat (D:3)
67 creatures vanquished.

Vanquished Creatures (others)
  An unseen horror (D:8)
  2 yaks (D:8)
  A centaur (D:8)
  A killer bee (D:8)
  A centaur zombie (D:8)
  A knight (D:8)
  A howler monkey zombie (D:8)
  An orc (D:8)
  2 ancestors
11 creatures vanquished.

Grand Total: 192 creatures vanquished

Notes
Turn   | Place    | Note
-------+----------+-------------------------------------------
     0 | D:1      | EWolf27 the Vampire Enchanter began the quest for the Orb.
     0 | D:1      | Reached XP level 1. HP: 13/13 MP: 3/3
     2 | D:1      | Noticed a spriggan
     2 | D:1      | Noticed a vampire
     4 | D:1      | Noticed an elf
     6 | D:1      | Noticed a demigod
     6 | D:1      | Noticed a naga
     8 | D:1      | Noticed a minotaur
    10 | D:1      | Noticed a formicid
    10 | D:1      | Noticed a djinni
    12 | D:1      | Noticed a human
    14 | D:1      | Noticed an octopode
    14 | D:1      | Noticed a dwarf
    16 | D:1      | Noticed a vine stalker
    16 | D:1      | Noticed a draconian
    18 | D:1      | Noticed a merfolk
    18 | D:1      | Noticed a gargoyle
    20 | D:1      | Noticed a tengu
    20 | D:1      | Noticed an ogre
    22 | D:1      | Noticed a demonspawn
    22 | D:1      | Noticed a ghoul
    24 | D:1      | Noticed a troll
    24 | D:1      | Noticed a felid
    26 | D:1      | Noticed a palentonga
    26 | D:1      | Noticed a barachi
   169 | D:1      | Reached XP level 2. HP: 13/19 MP: 5/5
   172 | D:1      | Learned a level 2 spell: Ensorcelled Hibernation
   212 | D:1      | Found a faded altar of an unknown god.
   589 | D:1      | Reached skill level 5 in Hexes
   807 | D:1      | Became a worshipper of Hepliaklqana the Forgotten
   807 | D:1      | Reached * piety under Hepliaklqana
  1133 | D:2      | Gained mutation: You are afflicted with vampirism and can
                  | become a bat while bloodless. [Vampire growth]
  1133 | D:2      | Reached XP level 3. HP: 16/21 MP: 6/6
  1167 | D:2      | Reached skill level 5 in Stealth
  1319 | D:2      | Noticed Robin
  1328 | D:2      | Killed Robin
  1336 | D:2      | Reached XP level 4. HP: 27/27 MP: 5/7
  1523 | D:2      | Learned a level 3 spell: Confusing Touch
  2009 | D:2      | Reached XP level 5. HP: 15/31 MP: 6/9
  2132 | D:3      | Learned a level 3 spell: Tukima's Dance
  2461 | D:3      | Reached skill level 1 in Ice Magic
  2512 | D:3      | Reached ** piety under Hepliaklqana
  2513 | D:3      | Remembered your ancestor Eshargamelat as a knight
  3048 | D:3      | Reached XP level 6. HP: 11/36 MP: 2/10
  3167 | D:3      | Noticed Grinder
  3173 | D:3      | Paralysed by Grinder for 5 turns
  3178 | D:3      | Killed Grinder
  3268 | D:3      | Noticed Natasha
  3275 | D:3      | Killed Natasha
  3276 | D:3      | Reached XP level 7. HP: 41/41 MP: 5/12
  3290 | D:3      | Noticed Natasha
  3299 | D:3      | Killed Natasha
  3469 | D:3      | You fall into a shaft and drop 3 floors!
  3627 | D:5      | Entered Level 5 of the Dungeon
  3627 | D:5      | Found Rawaef's Distillery.
  3630 | D:5      | Bought a potion of heal wounds for 70 gold pieces
  3806 | D:3      | Noticed Natasha
  3810 | D:3      | Killed Natasha
  3843 | D:4      | Found a staircase to the Ecumenical Temple.
  4165 | D:4      | Paralysed by a goblin for 4 turns
  4658 | D:4      | Found a runed translucent door.
  4659 | D:4      | Noticed Crazy Yiuf
  5090 | D:5      | Noticed Prince Ribbit
  5103 | D:5      | Reached XP level 8. HP: 46/46 MP: 14/14
  5219 | D:5      | Reached *** piety under Hepliaklqana
  5442 | D:5      | Bought a potion of curing for 42 gold pieces
  5853 | D:6      | Reached skill level 5 in Spellcasting
  6710 | D:7      | Reached skill level 10 in Hexes
  6722 | D:7      | Reached skill level 10 in Stealth
  6826 | D:7      | Reached XP level 9. HP: 51/51 MP: 14/17
  7895 | D:8      | Noticed Maggie
  7895 | D:8      | Found a blossoming altar of Fedhas.
  7902 | D:8      | Killed Maggie
  7918 | D:8      | Killed an unseen horror
  8781 | D:8      | Noticed a skeletal warrior
  9096 | D:8      | Reached **** piety under Hepliaklqana
  9462 | D:5      | Killed Prince Ribbit
  9646 | D:8      | Reached skill level 1 in Shields
  9659 | D:8      | Found an iron altar of Okawaru.
  9686 | D:8      | Noticed a green ugly thing
  9717 | D:8      | Killed a green ugly thing
  9988 | D:8      | Reached XP level 10. HP: 44/44 MP: 17/20
 10046 | D:8      | Found an opulent altar of Gozag.
 10071 | D:8      | Noticed Pikel
 10080 | D:8      | Killed Pikel
 10188 | D:8      | Mangled by a skeletal warrior

Illustrated notes

Levels and vault maps discovered:
D:1:      kb_arrival_jail, layout_loops_ring,
          hellmonk_ecumenical_altar_pennies_from_heaven, grunt_decor_cap,
          grunt_decor_fettered
D:2:      layout_rooms, uniq_robin
D:3:      layout_loops_cross, uniq_natasha, uniq_grinder
D:4:      layout_basic, kennysheep_little_box, minmay_temple_entry_mist,
          minmay_ruptured, uniq_crazy_yiuf_cottage
D:5:      layout_cave_pools, serial_shops, nicolae_stop_n_shop_1,
          hangedman_decor_growths, uniq_prince_ribbit1
D:6:      layout_basic, mainiacjoe_overflow_six_doors_small
D:7:      layout_loops_ring
D:8:      layout_layer_cave, mainiacjoe_overflow_large_starburst,
          nicolae_gozag_cash_rules_everything_around_me, xom_confusion_cloud,
          uniq_pikel, uniq_maggie

Skill      XL: |  1  2  3  4  5  6  7  8  9 10 |
---------------+-------------------------------+-----
Hexes          | 5 6 7 8 10 11 12 | 12.1
Stealth        | 5 6 7 8 10 12 | 12.0
Dodging        | 3 4 |  4.0
Spellcasting   | 3 4 5 7 |  7.3
Ice Magic      | 1 2 3 4 |  4.0
Shields        | 2 |  2.6
Short Blades   | |  1.1

Action                   |  1- 3 |  4- 6 |  7- 9 | 10-12 || total
-------------------------+-------+-------+-------+-------++-------
Melee: Dagger            |   117 |    86 |   152 |     9 ||   364
       Bite              |    11 |     3 |    16 |       ||    30
Throw: Dart              |       |       |     9 |       ||     9
 Cast: Ensorcelled Hiber |    13 |    35 |    74 |     1 ||   123
       Confusing Touch   |       |     2 |    10 |     1 ||    13
       Tukima's Dance    |       |       |     9 |       ||     9
Invok: Ancestor Identity |     1 |       |     1 |       ||     2
       Ancestor Life: Kn |       |     1 |       |       ||     1
       Recall Ancestor   |       |       |     4 |       ||     4
 Abil: Exsanguinate      |       |       |     1 |       ||     1
       Bat Form          |       |       |       |     1 ||     1
Evoke: Wand              |       |       |       |     1 ||     1
  Use: Scroll            |       |       |     1 |       ||     1
       Potion            |       |       |     2 |       ||     2
 Stab: Sleeping          |    16 |    18 |    41 |     1 ||    76
       Distracted        |       |     1 |     1 |       ||     2
       Confused          |       |       |     3 |       ||     3
Armor: Robe              |    32 |    16 |     2 |       ||    50
       Leather armour    |       |       |    55 |     2 ||    57
       Animal skin       |       |       |     6 |       ||     6
Dodge: Dodged            |   106 |    83 |   146 |     3 ||   338
